 Dungeon Crawl Stone Soup version 0.23-a0-335-gba3dfdf (webtiles) character file.

37 Dmuffinman the Charmwright (level 3, -1/28 HPs)
             Began as a Merfolk Skald on Oct 14, 2018.
             Succumbed to Robin's poison
             ... on level 2 of the Dungeon on Oct 18, 2018.
             The game lasted 00:11:44 (1465 turns).

Dmuffinman the Charmwright (Merfolk Skald)          Turns: 1465, Time: 00:11:44

Health: -1/28      AC:  3    Str: 10 (12) XL:     3   Next: 41%
Magic:  1/6        EV: 12    Int: 16 (17) God:
Gold:   20         SH:  0    Dex: 11 (13) Spells: 5/6 levels left

rFire    . . .     SeeInvis .   a - +0 spear
rCold    . . .     Gourm    .   (no shield)
rNeg     . . .     Faith    .   b - +0 leather armour
rPois    .         Spirit   .   (no helmet)
rElec    .         Reflect  .   (no cloak)
rCorr    .         Harm     .   (no gloves)
MR       .....                  (no boots)
Stlth    +.........             (no amulet)
HPRegen  0.09/turn              (no ring)
MPRegen  0.10/turn              (no ring)

@: brilliant, lethally poisoned (-1 -> -19)
A: change form in water, swift swim, stealthy swim
a: no special abilities


You were on level 2 of the Dungeon.
You were not hungry.

You visited 1 branch of the dungeon, and saw 2 of its levels.

You collected 20 gold pieces.

Inventory:

Hand Weapons
 a - a +0 spear (weapon)
Armour
 b - a +0 leather armour (worn)
 c - a +0 chain mail
Scrolls
 e - 5 scrolls of identify
Comestibles
 d - 2 rations


   Skills:
 + Level 2.3 Fighting
 * Level 3.4 Polearms
 + Level 1.0 Armour
 - Level 2.6 Dodging
 * Level 2.4 Spellcasting
 + Level 3.9 Charms


You had 5 spell levels left.
You knew the following spells:

 Your Spells              Type           Power        Failure   Level  Hunger
a - Infusion              Chrm           ###.         1%          1    #......

Your spell library contained the following spells:

 Spells                   Type           Power        Failure   Level  Hunger
 Song of Slaying          Chrm           ###.....     1%          2    ###....
 Shroud of Golubria       Chrm/Tloc      ###.......   2%          2    ###....
 Regeneration             Chrm/Necr      ###.......   4%          3    ###....
 Spectral Weapon          Hex/Chrm       ###.....     4%          3    ###....


Dungeon Overview and Level Annotations

Branches:
Dungeon (2/15)

Altars:

Annotations:
D:2 Robin


Message History

You hit Robin but do no damage.
Robin is heavily wounded.
* * * LOW HITPOINT WARNING * * *
You feel sick.
Robin hits you with a +1 dagger of venom.
* * * LOW HITPOINT WARNING * * *
As you read the scroll labeled SEMUILUUFU, it crumbles to dust.
It is a scroll of identify.
c - a +0 chain mail
* * * LOW HITPOINT WARNING * * *
You feel sick.
Robin's horned helmet rattles.
Robin closely misses you.
You hit Robin.
Robin is severely wounded.
* * * LOW HITPOINT WARNING * * *
You feel sick. Robin misses you.
You barely miss Robin.
Robin is severely wounded.
You die... #.# #.# #.######### #......)..# #########.# ######### #.# ggg.g..g#

#.#
#g#
#.#
#@#
#.#
#.#
#.#
#.#
#.#
#.#
#.####
#.#
#....#
#.#
####.#
#.#
#.#
#.#
#.#
#.#
#.#


You could see Robin and a hobgoblin.

Vanquished Creatures
  2 dart slugs (D:1)
  A leopard gecko (D:1)
  3 ball pythons (D:1)
  A giant cockroach (D:1)
  2 goblins (D:2)
  8 hobgoblins
  4 jackals (D:1)
  2 bats (D:1)
  A frilled lizard (D:2)
  2 kobolds (D:1)
  3 rats (D:1)
29 creatures vanquished.

Notes
Turn   | Place    | Note
-------+----------+-------------------------------------------
     0 | D:1      | Dmuffinman the Merfolk Skald began the quest for the Orb.
     0 | D:1      | Reached XP level 1. HP: 16/16 MP: 3/3
   187 | D:1      | Reached XP level 2. HP: 22/22 MP: 0/5
   542 | D:1      | Reached skill level 1 in Armour
   980 | D:1      | Reached XP level 3. HP: 27/27 MP: 2/6
  1240 | D:1      | Upgraded the game from 0.23-a0-319-gb40ba49 to
                  | 0.23-a0-335-gba3dfdf
  1439 | D:2      | Noticed Robin
  1464 | D:2      | HP: 1/28 [poisoned by Robin]
  1465 | D:2      | Succumbed to Robin's poison

Vault maps used:
D:1:      dpeg_arrival_rooms_a
D:2:      grunt_temple_overflow_growth_and_decay, st_stairs_12, uniq_robin

Skill      XL: |  1  2 |
---------------+-------+-----
Armour         | 1 |  1.0
Fighting       | |  2.3
Polearms       | |  3.4
Dodging        | |  2.6
Spellcasting   | |  2.4
Charms         | |  3.9

Action                   || total
-------------------------++-------
Melee: Spear             ||   110
 Cast: Infusion          ||    14
  Use: Potion            ||     2
       Scroll            ||     1
  Eat: Chunk             ||     2
Armor: Leather armour    ||    11
Dodge: Dodged            ||    47

Table legend:
 A = Non-vault XP
 B = Vault XP
 C = Vault XP percentage of total XP
 D = Non-vault monster count
 E = Vault monster count
 F = Vault count percentage of total count
                 A         B        C        D         E       F
            +---------+---------+-------+---------+---------+-------
      Total |      46 |       8 |  14.8 |      25 |       4 |  13.8
            +---------+---------+-------+---------+---------+-------
        D:1 |      41 |       0 |   0.0 |      22 |       0 |   0.0
        D:2 |       5 |       8 |  61.5 |       3 |       4 |  57.1
            +---------+---------+-------+---------+---------+-------
